AoeStats
← ERROR 404

Black Forest

510348549Analyzed
3v3 RM · 12h ago on Sep 30, 2026· 50m 3s· 6 players
Game mode
Random Map
Map size
Normal (6 player)
Population
200
Speed
Normal
Resources
Standard
Victory
Conquest
Starting age
Dark Age
Ending age
Imperial Age
RankedLock teamsTeams togetherTeam positionsShared explorationLock speedFull tech treeHidden civsTurbo modeCheats
Victory
Defeat
🇨🇭 Bohemians · Switzerland
1061
+13
🇨🇭 Bengalis · Switzerland
1017
+15
🇨🇭 Spanish · Switzerland
963
+17
🇦🇷 Britons · Argentina
1051
-17
986
-15
🇹🇷 Turks · Türkiye
940
-13
ERROR 404
0:49 Loom
10:18 Feudal Age
12:43 Double-Bit Axe
17:06 Castle Age
15:32 Forging
17:14 Stone Mining
17:18 Gold Mining
22:52 Bow Saw
26:15 Wheelbarrow
27:06 Horse Collar
28:07 Hand Cart
32:33 Imperial Age
29:51 Town Watch
30:46 Fletching
30:56 Padded Archer Armor
31:45 Iron Casting
31:10 Scale Mail Armor
31:38 Ballistics
31:13 Murder Holes
31:23 Heavy Plow
32:37 Leather Archer Armor
32:18 Bodkin Arrow
32:37 Fortified Wall
32:13 Pikeman
32:53 Squires
34:17 Two-Man Saw
34:25 Chemistry
34:24 Gold Shaft Mining
34:49 Conscription
36:05 Ring Archer Armor
35:35 Bracer
35:25 Gambesons
36:20 Yeomen
36:29 Elite Longbowman
39:46 Blast Furnace
39:01 Chain Mail Armor
38:55 Siege Engineers
38:32 Treadmill Crane
38:43 Halberdier
40:05 Hoardings
44:42 Plate Mail Armor
47:11 Arson
NUTAS
0:28 Loom
14:26 Feudal Age
15:15 Horse Collar
15:25 Double-Bit Axe
20:01 Stone Mining
20:02 Gold Mining
21:19 Wheelbarrow
25:20 Castle Age
26:33 Heavy Plow
35:41 Hand Cart
38:07 Bloodlines
37:57 Husbandry
39:53 Fortified Wall
42:30 Imperial Age
40:22 Bow Saw
41:07 Town Watch
41:36 Forging
41:32 Scale Barding Armor
41:29 Scale Mail Armor
42:57 Ballistics
42:48 Masonry
42:19 Treadmill Crane
42:36 Elite Janissary
LON | Trusttheprocess
10:43 Feudal Age
12:03 Double-Bit Axe
14:43 Castle Age
12:49 Horse Collar
15:34 Bow Saw
15:59 Heavy Plow
18:55 Wheelbarrow
21:42 Hand Cart
22:31 Gold Mining
28:22 Imperial Age
25:39 Loom
26:01 Scale Barding Armor
26:07 Forging
27:08 Ballistics
27:14 Chain Barding Armor
26:50 Town Watch
27:12 Squires
28:17 Iron Casting
28:46 Masonry
28:44 Stone Mining
29:11 Bloodlines
29:22 Husbandry
28:46 Cavalier
29:59 Crop Rotation
30:32 Two-Man Saw
30:37 Chemistry
29:19 Treadmill Crane
30:11 Architecture
30:19 Plate Barding Armor
30:38 Town Patrol
32:31 Stone Shaft Mining
32:46 Caravan
33:16 Coinage
32:34 Paladin
35:29 Banking
35:10 Guilds
38:28 Conscription
39:33 Fletching
39:45 Murder Holes
41:17 Bodkin Arrow
41:22 Scale Mail Armor
46:43 Pikeman
48:57 Chain Mail Armor
48:23 Halberdier
BabaKusio
0:42 Loom
13:21 Feudal Age
18:30 Castle Age
17:55 Double-Bit Axe
17:52 Horse Collar
19:54 Town Watch
21:55 Fletching
22:32 Scale Barding Armor
23:18 Wheelbarrow
24:26 Husbandry
24:36 Bloodlines
30:24 Chain Barding Armor
31:24 Light Cavalry
34:26 Forging
37:02 Imperial Age
36:32 Bow Saw
36:25 Heavy Plow
36:20 Gold Mining
37:45 Iron Casting
37:21 Elite Battle Elephant
39:05 Plate Barding Armor
40:12 Paiks
40:32 Conscription
39:47 Siege Elephant
41:11 Caravan
49:17 Blast Furnace
Mr. Stone
2:46 Loom
13:20 Feudal Age
18:00 Castle Age
20:53 Horse Collar
21:02 Double-Bit Axe
21:15 Gold Mining
21:18 Stone Mining
22:17 Wheelbarrow
21:28 Town Watch
24:48 Bow Saw
28:14 Heavy Plow
32:11 Imperial Age
31:46 Husbandry
31:57 Bloodlines
32:09 Forging
32:05 Scale Barding Armor
32:36 Cavalier
34:23 Iron Casting
34:09 Chain Barding Armor
35:06 Hand Cart
36:10 Two-Man Saw
36:01 Ballistics
35:55 Capped Ram
37:08 Paladin
37:47 Fletching
37:58 Padded Archer Armor
38:59 Blast Furnace
38:33 Caravan
38:06 Elite Skirmisher
39:09 Conscription
41:04 Bodkin Arrow
48:20 Plate Barding Armor
47:47 Bracer
Crack
12:38 Feudal Age
17:10 Castle Age
16:41 Double-Bit Axe
19:03 Loom
22:36 Imperial Age
22:24 Chemistry
24:59 Fervor
25:33 Wheelbarrow
25:10 Horse Collar
26:01 Bow Saw
28:26 Hand Cart
28:25 Heavy Plow
29:11 Town Watch
30:54 Two-Man Saw
32:45 Ballistics
33:01 Town Patrol
33:27 Fletching
33:38 Padded Archer Armor
36:08 Bodkin Arrow
36:28 Leather Archer Armor
36:24 Forging
36:14 Scale Mail Armor
36:54 Siege Engineers
36:46 Houfnice
39:41 Iron Casting
39:07 Bracer
39:37 Ring Archer Armor
39:46 Chain Mail Armor
41:01 Man-at-Arms
41:06 Pikeman
41:48 Squires
41:35 Arson
44:38 Halberdier
46:58 Blast Furnace
46:31 Plate Mail Armor
Connection lost

Rejoining the realm…

Still unreachable

The connection could not be restored.

Session expired

The server has moved on; the page needs a fresh start.